 Dungeon Crawl Stone Soup version 0.27.1-1-g398f81649c (webtiles) character file.

Game seed: 10375383516982844645

14 speeev33 the Skirmisher (level 2, 0/27 HPs)
             Began as a Hill Orc Fighter on Sept 12, 2021.
             Succumbed to a goblin's poison
             ... on level 1 of the Dungeon.
             The game lasted 00:00:52 (535 turns).

speeev33 the Skirmisher (Hill Orc Fighter)           Turns: 535, Time: 00:00:52

Health: 0/27       AC:  3    Str: 20    XL:     2   Next: 41%
Magic:  2/2        EV:  7    Int:  8    God:
Gold:   7          SH:  9    Dex: 10    Spells: 1/1 levels left

rFire    . . .     SeeInvis .   a - +0 war axe
rCold    . . .     Faith    .   c - +0 kite shield
rNeg     . . .     Spirit   .   b - +0 scale mail
rPois    +         Reflect  .   (no helmet)
rElec    .         Harm     .   (no cloak)
rCorr    .         Rampage  .   (no gloves)
Will     .....                  (no boots)
Stlth    ..........             (no amulet)
HPRegen  0.09/turn              (no ring)
MPRegen  0.08/turn              (no ring)

@: mighty, lethally poisoned (0 -> -4)
A: deformed body, poison resistance, inhibited regeneration, strong 1
a: no special abilities


You were on level 1 of the Dungeon.
You visited 1 branch of the dungeon, and saw 1 of its levels.

You collected 7 gold pieces.

Inventory:

Hand Weapons
 a - a +0 war axe (weapon)
Armour
 b - a +0 scale mail (worn)
 c - a +0 kite shield (worn)
Scrolls
 e - a scroll of silence {unknown}


   Skills:
 + Level 3.9 Fighting
 + Level 3.0 Axes
 + Level 3.5 Armour
 + Level 3.5 Shields


You had one spell level left.
You didn't know any spells.
Your spell library was empty.

Dungeon Overview and Level Annotations

Branches:
Dungeon (1/15)

Altars:


Innate Abilities, Weirdness & Mutations

Armour fits poorly on your strangely shaped body.
Your system is resistant to poisons. (rPois)
You do not regenerate when monsters are visible.
Your muscles are strong. (Str +2)


Message History

You are too injured to fight recklessly!
You are too injured to fight recklessly!
You are too injured to fight recklessly!
You are too injured to fight recklessly!
You are too injured to fight recklessly!
You are too injured to fight recklessly!
You are too injured to fight recklessly!
You are too injured to fight recklessly!
You are too injured to fight recklessly!
You are too injured to fight recklessly!
You are too injured to fight recklessly!
You slash the goblin!
You kill the goblin!
You feel extremely sick.
You feel very sick.
You see here a +0 dagger of venom.
It was a potion of mutation.
You feel extremely strange.
Your regeneration stops near monsters.
You feel your magical essence link to the dungeon's wands.
You feel resistant to poisons.
Iridescent scales grow over part of your body.
* * * LOW HITPOINT WARNING * * *
You feel very sick.
Really quaff the potion of mutation? [Y]es or [N]o only, please.
Really quaff the potion of mutation?
Okay, then.
Really quaff the potion of mutation?
You feel extremely strange.
Your iridescent scales disappear.
Your magical essence no longer links to wands of the dungeon.
Your body twists and deforms.
You feel stronger.
* * * LOW HITPOINT WARNING * * *
You feel sick.
You feel very mighty all of a sudden.
* * * LOW HITPOINT WARNING * * *
You feel sick.
* * * LOW HITPOINT WARNING * * *
You feel sick.
You die...

###############
≈≈≈≈≈≈≈≈≈≈≈≈≈≈≈
≈≈≈≈≈.....≈≈≈≈≈
≈≈....≈≈≈....≈≈
######≈...≈≈≈.≈≈≈...≈
#.).@....≈≈≈.<..≈≈..≈
#.#..#≈...≈≈≈.≈≈≈...≈
#.#..#≈≈....≈≈≈....≈≈
#####.####≈≈≈≈≈.....≈≈≈≈≈
#.....#..#≈≈≈≈≈≈≈.≈≈≈≈≈≈≈
#.######.########.#######
#.#....#.# #.#.##
#.#......# ######....#
#.#....### #.....###.#


There were no monsters in sight!

Vanquished Creatures
  A dart slug (D:1)
  An endoplasm (D:1)
  2 giant cockroaches (D:1)
  2 goblins (D:1)
  2 ball pythons (D:1)
  2 bats (D:1)
10 creatures vanquished.

Notes
Turn   | Place    | Note
-------+----------+-------------------------------------------
     0 | D:1      | speeev33 the Hill Orc Fighter began the quest for the Orb.
     0 | D:1      | Reached XP level 1. HP: 19/19 MP: 1/1
   281 | D:1      | Reached XP level 2. HP: 20/27 MP: 2/2
   531 | D:1      | Gained mutation: You do not regenerate when monsters are
                  | visible. [potion of mutation]
   531 | D:1      | Gained mutation: You expend magic power (3 MP) to
                  | strengthen your wands. [potion of mutation]
   531 | D:1      | Gained mutation: Your system is resistant to poisons.
                  | (rPois) [potion of mutation]
   531 | D:1      | Gained mutation: You are partially covered in iridescent
                  | scales. (AC +2) [potion of mutation]
   532 | D:1      | Lost mutation: You are partially covered in iridescent
                  | scales. (AC +2) [potion of mutation]
   532 | D:1      | Lost mutation: You expend magic power (3 MP) to strengthen
                  | your wands. [potion of mutation]
   532 | D:1      | Gained mutation: Armour fits poorly on your strangely
                  | shaped body. [potion of mutation]
   532 | D:1      | Gained mutation: Your muscles are strong. (Str +2) [potion
                  | of mutation]
   534 | D:1      | HP: 1/27 [poisoned by a goblin]
   535 | D:1      | Succumbed to a goblin's poison

Illustrated notes

Levels and vault maps discovered:
D:1:      dpeg_arrival_shrine, layout_rooms, serial_co_window_serial,
          co_window_cross_1, co_window_paths_a, co_window_paths_a,
          co_window_paths_a, co_window_corner_a, co_window_corner_a,
          co_window_broadway_c, co_window_broadway_c, co_window_corner_b,
          co_window_paths_c, glass_columns_a, glass_columns_b, glass_columns_b

Skill      XL: |  1 |
---------------+----+-----
Axes           | 3 |  3.0
Fighting       | |  3.9
Armour         | |  3.5
Shields        | |  3.5

Action                   || total
-------------------------++-------
Melee: War axe           ||    33
  Use: Potion            ||     3
Armor: Scale mail        ||    16
Dodge: Dodged            ||    12
Block: Kite shield       ||    16
